 Dungeon Crawl Stone Soup version 0.30-b1-2-g02819fbbbe (webtiles) character file.

Game seed: 12017690078731727138

11573 BigFriendlyGeek42 the Severer (level 11, -14/95 HPs)
             Began as a Minotaur Fighter on June 21, 2023.
             Was a High Priest of Uskayaw.
             Demolished by a death yak (19 damage)
             ... on level 11 of the Dungeon.
             The game lasted 00:55:05 (13620 turns).

BigFriendlyGeek42 the Severer (Minotaur Fighter)   Turns: 13620, Time: 00:55:05

Health: -14/95     AC: 16    Str: 20    XL:     11   Next: 51%
Magic:  15/15      EV: 11    Int:  7    God:    Uskayaw [*****.]
Gold:   637        SH:  5    Dex: 13    Spells: 15/15 levels left

rFire   . . .        a - +4 war axe
rCold   . . .        c - +0 buckler
rNeg    . . .        b - +1 scale mail
rPois   .            (helmet restricted)
rElec   .            n - +1 cloak
rCorr   .            l - +2 pair of gloves
SInv    .            z - +0 pair of boots
Will    .....        (no amulet)
Stlth   +            (no ring)
HPRegen 0.35/turn    (no ring)
MPRegen 0.14/turn

%: no passive effects
@: studying Fire Magic, invisible
A: horns 2, retaliatory headbutt
a: Renounce Religion, Stomp, Line Pass, Grand Finale


You were on level 11 of the Dungeon.
You worshipped Uskayaw.
Uskayaw was noncommittal.
You visited 2 branches of the dungeon, and saw 12 of its levels.
You also visited: Ossuary.

You collected 637 gold pieces.

Inventory:

Hand Weapons
 a - a +4 war axe (weapon)
Missiles
 e - 15 boomerangs (quivered)
 g - 60 stones
 k - 33 poisoned darts
 p - 8 large rocks
 G - 4 throwing nets
Armour
 b - a +1 scale mail (worn)
 c - a +0 buckler (worn)
 l - a +2 pair of gloves (worn)
 n - a +1 cloak (worn)
 z - a +0 pair of boots (worn)
Wands
 r - a wand of paralysis (5)
 x - a wand of flame (35)
 C - a wand of iceblast (10)
Scrolls
 f - 9 scrolls of teleportation
 s - 2 scrolls of fear
 w - 6 scrolls of identify
 y - 2 scrolls of blinking
 A - 5 scrolls of amnesia
 E - 2 scrolls of immolation
Potions
 d - 4 potions of might
 h - a potion of degeneration
 j - a potion of magic
 m - 6 potions of lignification
 o - 3 potions of haste
 q - 2 potions of ambrosia
 t - 3 potions of cancellation
 u - a potion of berserk rage
 v - 2 potions of brilliance
 B - 4 potions of curing
 D - a potion of mutation
 F - a potion of heal wounds
Miscellaneous
 H - a phial of floods


   Skills:
 + Level 8.8 Fighting
 + Level 16.1 Axes
 + Level 9.4 Armour
 + Level 4.3 Dodging
 + Level 4.9 Stealth
 + Level 6.4 Shields
 * Level 2.7 Spellcasting
 - Level 7.0 Invocations


You had 15 spell levels left.
You didn't know any spells.
Your spell library contained the following spells:

 Spells                   Type           Power      Damage    Failure   Level
 Necrotise                Necr           0%         1d4       71%         1
 Shock                    Conj/Air       0%         1d3       71%         1
 Slow                     Hex            0%         N/A       71%         1
 Static Discharge         Conj/Air       0%         2-2/arc   83%         2
 Confusing Touch          Hex            0%         N/A       97%         3
 Inner Flame              Hex/Fire       0%         N/A       97%         3
 Summon Guardian Golem    Hex/Summ       0%         N/A       97%         3
 Swiftness                Air            0%         N/A       97%         3
 Vampiric Draining        Necr           0%         2d6       97%         3
 Airstrike                Air            0%         2d(0-16)  100%        4
 Anguish                  Hex/Necr       0%         N/A       100%        4
 Summon Lightning Spire   Summ/Air       0%         N/A       100%        4
 Yara's Violent Unravell  Hex/Tmut       0%         3d3       100%        5
 Enfeeble                 Hex            0%         N/A       100%        7
 Orb of Destruction       Conj           0%         9d5       100%        7
 Spellforged Servitor     Conj/Summ      0%         N/A       100%        7


Dungeon Overview and Level Annotations

Branches:
Dungeon (11/15)            Temple (1/1) D:7         Ossuary (visited)
   Lair: D:8-11         Orc: D:9-12

Altars:
Ashenzari
Cheibriados
Dithmenos
Elyvilon
Fedhas
Gozag
Hepliaklqana
Kikubaaqudgha
Makhleb
Nemelex Xobeh
Okawaru
Qazlal
Ru
Sif Muna
Trog
Uskayaw
Vehumet
Wu Jian
Xom
Yredelemnul
Zin
The Shining One

Shops:
D:5 *   D:7 *   D:9 *:   D:10 ?


Innate Abilities, Weirdness & Mutations

You have a pair of horns on your head.
You reflexively headbutt those who attack you in melee.


Message History

The death yak gores you but does no damage.
You hit the death yak.
You headbutt the death yak, but do no damage.
The death yak is almost dead.
You slash the death yak! You hit the death yak.
The yak is no longer paralysed.
The death yak gores you. The death yak gores you!
The death yak gores you but does no damage.
You can now merge with and destroy a victim.
You slash the death yak!
You kill the death yak!
You hit the death yak but do no damage. You hit the death yak.
The yak is no longer sharing its pain.
The death yak gores you! The death yak closely misses you.
You see here a yak corpse.
You slice the death yak!! You headbutt the death yak.
The death yak is heavily wounded.
You closely miss the yak. You slash the death yak!
The death yak is no longer sharing its pain.
The yak closely misses you.
The death yak gores you but does no damage.
The death yak gores you! You block the yak's attack. The yak gores you!
The death yak gores you but does no damage.
You hit the death yak. You headbutt the death yak.
The death yak is almost dead.
You slash the yak! x2; You hit the death yak.
The death yak is no longer sharing its pain.
The yak is no longer sharing its pain.
The yak closely misses you. You block the yak's attack.
The death yak gores you!!
* * * LOW HITPOINT WARNING * * *
The death yak gores you but does no damage.
You feel much better. You block the yak's attack.
The yak gores you but does no damage. The death yak gores you!!
* * * LOW HITPOINT WARNING * * *
The death yak gores you.
* * * LOW HITPOINT WARNING * * *
You fade into invisibility!
The yak misses you. You furiously retaliate!
You headbutt the yak, but do no damage. You block the yak's attack.
The death yak gores you!!
You die...

...### #.# ..#...
...... ###[### †.#
.. ..... #.....# ..#
.... #.#...# #.# ...
#.###'# #.### ..#
#.##... #...+ #.##
#..'... #.### ###YY#
####... #.# #.†@.#
#... #.# #.YY.##
#####... #.# #.....#
#....... ..#####
#.....#######....###
......#
#........^..#....#
......#
#....######......#
......#
#................#
......#
#.............####
...####
#.............###


You could see 2 death yaks and 2 yaks.

Vanquished Creatures
  Harold (D:10)
  A two-headed ogre (D:11)
  A death yak (D:11)
  An unseen horror (D:11)
  Maggie (D:7)
  2 trolls (D:9)
  A hornet (D:10)
  Prince Ribbit (D:7)
  Sigmund (D:6)
  A shadow (D:9)
  30 yaks
  Menkaure (Ossuary)
  2 acid dragons
  5 orc warriors
  5 centaurs
  A phantom (D:7)
  2 kobold brigands
  2 bullfrogs
  2 gnoll sergeants
  A water moccasin zombie (D:5)
  A scorpion (D:5)
  8 wights (D:8)
  9 killer bees
  8 howler monkeys
  A bullfrog zombie (D:5)
  4 hounds
  3 orc priests
  2 jellies
  A sleepcap (D:7)
  Terence (D:3)
  2 iguanas
  11 orc wizards
  3 mummies (Ossuary)
  12 gnolls
  An adder (D:4)
  An ufetubus (D:5)
  A worm (D:4)
  3 dart slugs (D:1)
  30 orcs
  6 bats
  6 endoplasms
  3 giant cockroaches
  5 gnoll zombies (Ossuary)
  8 goblins
  4 hobgoblins
  15 kobolds
  A quokka (D:1)
  4 ball pythons
  2 frilled lizards (D:1)
  4 gnoll skeletons (Ossuary)
  5 goblin skeletons (Ossuary)
  4 goblin zombies (Ossuary)
  3 hobgoblin skeletons (Ossuary)
  4 hobgoblin zombies (Ossuary)
  3 kobold skeletons (Ossuary)
  3 kobold zombies (Ossuary)
  6 orc skeletons (Ossuary)
  3 orc zombies (Ossuary)
  5 rats (D:1)
  4 rat skeletons (Ossuary)
  6 rat zombies (Ossuary)
  16 bushes (D:2)
284 creatures vanquished.

Vanquished Creatures (others)
  7 plants (D:2)
7 creatures vanquished.

Grand Total: 291 creatures vanquished

Notes
Turn   | Place    | Note
-------+----------+-------------------------------------------
     0 | D:1      | BigFriendlyGeek42 the Minotaur Fighter began the quest for
                  | the Orb.
     0 | D:1      | Reached XP level 1. HP: 19/19 MP: 0/0
   222 | D:1      | Reached XP level 2. HP: 27/27 MP: 1/1
   843 | D:1      | Found a faded altar of an unknown god.
  1160 | D:1      | Got the Omnibus of the Catacomb
  1296 | D:2      | Reached skill level 3 in Axes
  1348 | D:2      | Reached XP level 3. HP: 33/33 MP: 2/2
  2944 | D:3      | Noticed Terence
  2954 | D:3      | Killed Terence
  2955 | D:3      | Reached skill level 1 in Invocations
  2955 | D:3      | Reached XP level 4. HP: 8/41 MP: 3/3
  3415 | D:3      | Found a sparkling altar of Nemelex Xobeh.
  3579 | D:3      | Identified the +0 pair of boots of Pij Capp {rElec rPois
                  | Will- Dex+2}
  4460 | D:4      | Reached skill level 4 in Axes
  4460 | D:4      | Reached XP level 5. HP: 38/47 MP: 3/5
  4719 | D:4      | Found a shimmering altar of Xom.
  4757 | D:5      | Entered Level 5 of the Dungeon
  5010 | D:5      | Found a basalt altar of Yredelemnul.
  5021 | D:5      | Reached XP level 6. HP: 33/53 MP: 6/6
  5205 | D:5      | Identified the +1 robe of Autotheism {rElec Int-4 Dex+6}
  5219 | D:5      | Reached skill level 5 in Armour
  5219 | D:5      | Reached skill level 1 in Dodging
  5252 | D:5      | Found Ahyhoar's Assorted Antiques.
  5325 | D:5      | Reached skill level 5 in Axes
  5525 | D:6      | Identified a scroll of acquirement
  5525 | D:6      | Acquired a manual of Axes
  5887 | D:6      | Reached skill level 5 in Fighting
  5887 | D:6      | Reached skill level 6 in Axes
  5887 | D:6      | Reached XP level 7. HP: 52/61 MP: 8/8
  5953 | D:6      | Found a glowing golden altar of the Shining One.
  6061 | D:6      | Noticed Sigmund
  6072 | D:6      | Killed Sigmund
  6073 | D:6      | Reached skill level 7 in Axes
  6574 | D:7      | Noticed Prince Ribbit
  6589 | D:7      | Killed Prince Ribbit
  6590 | D:7      | Reached skill level 8 in Axes
  6590 | D:7      | Reached XP level 8. HP: 28/69 MP: 9/9
  6672 | D:7      | Identified the +1 pair of gloves "Hiwanemn" {rF++}
  6691 | D:7      | Found a sand-covered staircase.
  6701 | Ossuary  | Entered an ossuary
  6992 | Ossuary  | Noticed Menkaure
  7000 | Ossuary  | Killed Menkaure
  7329 | D:7      | Noticed Maggie
  7351 | D:7      | Killed Maggie
  7352 | D:7      | Reached skill level 10 in Axes
  7810 | D:7      | Reached skill level 5 in Shields
  7835 | D:7      | Found Quariops's Assorted Antiques.
  7876 | D:7      | Reached skill level 11 in Axes
  7878 | D:7      | Reached skill level 5 in Invocations
  8030 | D:7      | Found a staircase to the Ecumenical Temple.
  8043 | Temple   | Entered the Ecumenical Temple
  8099 | Temple   | Became a worshipper of Uskayaw the Reveller
  8673 | D:7      | Reached * piety under Uskayaw
  8765 | D:8      | Reached ** piety under Uskayaw
  8779 | D:8      | Reached *** piety under Uskayaw
  8782 | D:8      | Reached XP level 9. HP: 51/75 MP: 11/11
  8783 | D:8      | Reached **** piety under Uskayaw
  8789 | D:8      | Reached ***** piety under Uskayaw
  8794 | D:8      | Reached skill level 12 in Axes
  8794 | D:8      | Reached skill level 1 in Stealth
  9148 | D:8      | Reached skill level 13 in Axes
 10115 | D:9      | Found Argheb's Book Emporium.
 10234 | D:9      | Found a shadowy altar of Dithmenos.
 10250 | D:9      | Noticed a troll
 10255 | D:9      | Found a sacrificial altar of Ru.
 10477 | D:9      | Reached XP level 10. HP: 86/86 MP: 13/13
 10486 | D:9      | Reached skill level 14 in Axes
 10580 | D:9      | Found a glowing silver altar of Zin.
 10580 | D:9      | Found Zin's Purification Station.
 11013 | D:9      | Acquired a manual of Fire Magic
 11055 | D:9      | Reached skill level 15 in Axes
 11387 | D:10     | Entered Level 10 of the Dungeon
 11612 | D:10     | Reached skill level 1 in Spellcasting
 11620 | D:10     | Found a snail-covered altar of Cheibriados.
 11771 | D:10     | Reached XP level 11. HP: 88/94 MP: 15/15
 11853 | D:10     | Found Kuogoh's Magic Scroll Shoppe.
 11853 | D:10     | Noticed Harold
 11868 | D:10     | Killed Harold
 11986 | D:10     | Paralysed by a hornet for 2 turns
 11991 | D:10     | Paralysed by a hornet for 2 turns
 12908 | D:11     | Reached skill level 16 in Axes
 13301 | D:11     | Found a glowing golden altar of the Shining One.
 13404 | D:11     | Noticed a two-headed ogre
 13416 | D:11     | Killed a two-headed ogre
 13603 | D:11     | Noticed a death yak
 13605 | D:11     | Noticed a death yak
 13605 | D:11     | Noticed a death yak
 13614 | D:11     | Killed a death yak
 13619 | D:11     | HP: 4/95 [death yak (5)]
 13620 | D:11     | Demolished by a death yak

Illustrated notes

Levels and vault maps discovered:
D:1:      ebering_trefoil_3fold, layout_basic,
          shapermc_ecumenical_altar_starsandcircs, minivault_26, st_stairs_13,
          minmay_misc_feat_plants
D:2:      layout_loops_ring, serial_forest, infiniplex_forest_clump_curved,
          infiniplex_forest_lined_2, infiniplex_forest_lined_3_way,
          infiniplex_forest_clump_medium, glass_columns_c, minivault_23,
          minmay_tetromino_l4
D:3:      layout_loops_ring, nemelex_spade_bored_becter, uniq_terence
D:4:      layout_loops_ring, mainiacjoe_overflow_alcove_2
D:5:      layout_rooms, lemuel_zombie_altar_yredelemnul, serial_shops,
          kennysheep_mini_moat, reono_crystal_passage
D:6:      layout_loops_ring, nicolae_overflow_crystal_walls, uniq_sigmund
D:7:      layout_gridville, minmay_temple_entry_mist,
          nicolae_ossuary_entry_plus, serial_shops,
          nicolae_shop_tiny_statue_garden, uniq_prince_ribbit1, uniq_maggie
D:8:      layout_loops_ring
D:9:      layout_roguey, nicolae_ru_path_of_blood, zin_purify, kennysheep_mini,
          serial_shops, nicolae_stop_n_shop_1
D:10:     layout_irregular_city, mainiacjoe_overflow_catwalk, serial_shops,
          kennysheep_little_box, uniq_harold
D:11:     layout_basic, dpeg_lair_monsters, orc_0_dummy,
          hangedman_abyss_or_decor_clamps, tso_altar
Temple:   nicolae_temple_bog_church

Skill      XL: |  1  2  3  4  5  6  7  8  9 10 11 |
---------------+----------------------------------+-----
Fighting       | 4 5 6 7 8 |  8.8
Armour         | 4 5 6 7 8 9 |  9.4
Axes           | 3 4 6 8 11 13 15 16 | 16.1
Invocations    | 1 2 3 5 6 7 |  7.0
Shields        | 4 5 6 |  6.4
Dodging        | 1 2 3 4 |  4.3
Stealth        | 2 4 |  4.9
Spellcasting   | 1 2 |  2.7

Action                     |  1- 3 |  4- 6 |  7- 9 | 10-12 || total
---------------------------+-------+-------+-------+-------++-------
  Melee: War axe           |   548 |    91 |   262 |   177 ||  1078
         Headbutt          |   170 |    12 |    45 |    45 ||   272
 Invoke: Stomp             |       |       |     4 |     3 ||     7
    Use: Scroll            |     7 |    12 |    11 |     2 ||    32
         Potion            |     1 |       |     6 |     2 ||     9
   Stab: Paralysed         |       |       |     7 |    31 ||    38
 Armour: Scale mail        |    34 |    69 |    98 |   140 ||   341
  Dodge: Dodged            |    29 |    53 |   124 |    72 ||   278
  Block: Buckler           |     9 |    39 |    78 |    43 ||   169
